[Event "World U20-ch22"]
[Site "Belfort"]
[Date "1983.08.18"]
[Round "6"]
[White "Hector, Jonny"]
[Black "Stohl, Igor"]
[Result "0-1"]
[ECO "B80"]
[WhiteElo "2300"]
[BlackElo "2335"]
[Annotator "Bulletin/Primel,D"]
[PlyCount "62"]
[EventDate "1983.08.12"]
[EventType "swiss"]
[EventRounds "13"]
[EventCountry "FRA"]
[SourceTitle "EXT 2004"]
[Source "ChessBase"]
[SourceDate "2003.11.25"]
[SourceVersion "1"]
[SourceVersionDate "2003.11.25"]
[SourceQuality "1"]
[TimeControl "40/9000:16/5400:0"]

1. e4 c5 2. Nf3 d6 3. d4 cxd4 4. Nxd4 Nf6 5. Nc3 e6 6. Be3 a6 7. a4 (7. g4 $1
h6 8. Bg2) 7... b6 8. Bd3 Bb7 9. f4 Nbd7 10. g4 $5 $146 {Après avoir adopté
une suite tranquille comme 7.a4, le suédois devient plus agressif avec cette
nouveauté 10.g4} Nc5 11. Qf3 h6 12. O-O {Le plan
des blancs est assez douteux: avec la structure g4, le B serait mieux placé en
f3 qu'en d3 car l'aile-roi des blancs s'est affaibli} g6 13. b4 {le signe que
le suédois n'était pas satisfait de sa position} Nxd3 14. cxd3 Bg7 $15 15. Rac1
h5 $1 {réfutant le plan des blancs} 16. g5 Ng4 $1 17. Nde2 Nxe3 18. Qxe3 O-O
$17 {[%csl Gb7,Gg7] La nouvelle preuve que Fritz 10 ne comprend pas vraiment
la position car il donne l'égalité alors que c'est un net avantage noir à
cause de la paire de B et de la position exposée du K blanc} 19. Rc2 Re8 20.
Rfc1 Rc8 21. Nb1 $6 Rxc2 22. Rxc2 Bf8 23. Qd2 (23. Qc1 e5 $1 $40 ) 23... d5 $1 $40 24. e5 {[%cal Ge2d4] Les Blancs
espèrent avoir le temps de jouer Nd4 bloquant le centre Noir et le Bb7} d4 $1
{[%csl Gb7,Re2][%cal Gd8d5] Pare la menace Nd4 et c'est probablement déjà
gagnant pour les Noirs} 25. Rc4 Bd5 (25... Qd5 $142 ) 26. Rc1 Qd7
27. Nxd4 Qxa4 28. Nc2 Be7 29. Nc3 Bxb4 30. Nxa4 Bxd2 31. Rf1 $2 Rc8 {STOHL
remonte à la 05ème place avec 4,5/6} 0-1

[Event "Belgrade RAD 30"]
[Site "Belgrade"]
[Date "1977.01.25"]
[Round "8.4"]
[White "Rajkovic, Dusan"]
[Black "Sax, Gyula"]
[Result "1/2-1/2"]
[ECO "B80"]
[WhiteElo "2495"]
[BlackElo "2565"]
[Annotator "Primel,D"]
[PlyCount "81"]
[EventDate "1977.01.15"]
[EventType "tourn"]
[EventRounds "13"]
[EventCountry "SRB"]
[EventCategory "9"]
[SourceTitle "EXT 2018"]
[Source "ChessBase"]
[SourceDate "2017.10.13"]
[SourceVersion "1"]
[SourceVersionDate "2017.10.13"]
[SourceQuality "1"]
[TimeControl "40/9000:16/5400:0"]

1. e4 c5 2. Nf3 e6 3. Nc3 d6 4. d4 cxd4 5. Nxd4 a6 {Cet ordre de coups évite
l'attaque Keres} (5... Nf6 6. g4 $1) 6. g3 Nf6 7. Bg2 Bd7 8. O-O Nc6 9. a4 Be7
10. h3 Qc7 (10... O-O 11. Nb3 Na5 12. Nxa5 Qxa5 13. Bd2 Qc7 14. a5 Bc6 15. Re1
Rae8 16. Be3 Nd7 17. Bd4 Bf6 18. Bxf6 Nxf6 19. Qd4 Re7 20. Qb4 Rd7 21. Rad1
Rfd8 22. Rd4 h6 23. Red1 d5 24. exd5 Nxd5 25. Nxd5 {Ljubojevic,L (2580)
-Ivanchuk,V (2695) Buenos Aires 1994 1-0 (39)}) 11. Nde2 {[%cal Gg3g4,Ge2g3]
Le thème de cette variante g3} O-O 12. g4 Bc8 $1 {[%cal Gf6d7,Gb7b6,Gc8b7]
Libère une case de repli pour le Nf6 et après la poussée g4, le Bb7 doit
donner du contre-jeu} (12... Rab8 ) 13. Ng3 d5 $5 (13... b6 14.
g5 Nd7 15. Be3 Bb7) 14. exd5 Rd8 $132 15. Bg5 Nb4 $1 16. Qf3 $6 Nbxd5 (16... Nfxd5) 17. Nxd5 Rxd5 18. Nf5 $1
exf5 19. Bxf6 Rc5 $13 20. Bxe7 Qxe7 21. Rfe1 Qf8 22. gxf5 $6 (22.
c3 fxg4 23. hxg4 Rg5 (23... Be6 $5 24. Qxb7 Rb8 25. Qxa6
Rxb2 $36 )) 22... Rxf5 23. Qg3 Rf6 24. Ra3 Bf5 25. Qc7 (25. Rc3)
25... Rc8 $1 26. Qxb7 Rxc2 $36 27. Rae3 Bc8 28. Qa8 Be6 29. Qxf8+ Kxf8 $15 {
La structure Blanche est trés affaiblie} 30. R3e2 Rxe2 31. Rxe2 Rf4 (31... Ke7
) 32. a5 Ra4 33. Re5 Rb4 $6 (33... Bd7 $1 34. Bf1 Ra1 35. Kg2
Bxh3+) 34. Bf1 Rxb2 35. Bxa6 Bxh3 36. Re3 Be6 37. Ra3 Ke7 38. Bd3 Ra2 39. Rxa2
Bxa2 40. a6 Bd5 41. a7 {Les Blancs proposent nulle et curieusement les Noirs
l'acceptent alors qu'ils pouvaient choisir d'ajourner cette finale favorable}
1/2-1/2

[Event "Match/Team URS-World 20,5-19,5"]
[Site "Belgrade"]
[Date "1970.04.02"]
[Round "3.9"]
[White "Tal, Mihail"]
[Black "Najdorf, Miguel"]
[Result "1-0"]
[ECO "B80"]
[WhiteElo "2590"]
[BlackElo "2570"]
[Annotator "Tal/Najdorf"]
[PlyCount "86"]
[EventDate "1970.03.29"]
[EventType "team"]
[EventRounds "4"]
[EventCountry "YUG"]
[SourceTitle "MCL"]
[Source "ChessBase"]
[SourceDate "1999.07.01"]
[SourceVersion "1"]
[SourceVersionDate "1999.07.01"]
[SourceQuality "1"]
[WhiteTeam "Soviet Union"]
[BlackTeam "World"]
[WhiteTeamCountry "URS"]
[TimeControl "40/9000:16/5400:0"]

1. e4 c5 2. Nf3 Nc6 3. d4 cxd4 4. Nxd4 e6 5. Nc3 Qc7 6. g3 a6 (6... Nf6 $2 7.
Bf4 $1 {P db5 Najdorf=:N}) (6... Nf6 7. Ndb5 Qb8 8. Bf4 {Fischer-Tal/Bled/1961}
) 7. Bg2 Nf6 8. O-O d6 (8... Be7 9. Re1 $1 d6 10. Nxc6 bxc6 11. e5 $1 dxe5 12.
Rxe5 {N} O-O 13. Bf4 Bd6 14. Rxe6 $1 {Tal=:T}) 9. Re1 Bd7 10. Nxc6 bxc6 (10...
Bxc6 11. Nd5 Bxd5 12. exd5 e5 13. Be3 {P c1[] N} (13. f4 $6 Be7 14. Qe2 O-O 15.
fxe5 dxe5 16. Qxe5 Qxe5 17. Rxe5 Bc5+ 18. Kh1 Ng4)) 11. Na4 e5 $146 (11... Rb8
12. f4 {T} (12. c4 c5 {T/N})) (11... Be7 12. c4 O-O 13. b3 Rab8 14. c5 e5 15.
Bb2 Be6 16. Qc2 Nd7 17. cxd6 Bxd6 18. Rac1 Nb6 19. Nc5 Bc4 20. Bf1 Bxf1 21.
Rxf1 Ra8 22. Rfd1 Qe7 23. Nb7 Ba3 24. Bxa3 Qxa3 25. Qc5 Qxc5 26. Rxc5 Ra7 27.
Na5 Nd7 28. Rxc6 f6 29. Rdc1 Rfa8 30. f3 Nf8 31. Kf2 Kf7 32. Rc7+ Kg6 33. f4
exf4 34. gxf4 Kh6 35. Rxa7 Rxa7 36. Rc6 Ng6 37. Ke3 Kh5 38. Rb6 Kg4 39. Nc6 Rd7
40. e5 Nxf4 41. exf6 {Zaitsev,I-Liberzon,V Almaty 1969 1/2-1/2}) 12. c4 Be7 (
12... c5 $142 {T/N}) 13. c5 $1 {N} O-O (13... d5 14. exd5 cxd5 (14... Nxd5 15.
Bxd5 cxd5 16. Nb6 $1 {T}) 15. Nb6 Rd8 16. Nxd5 {T/N}) 14. cxd6 Bxd6 15. Bg5 (
15. Be3 $142 Be7 {N}) 15... Be7 16. Qc2 h6 17. Be3 Rab8 18. Rac1 Rfd8 19. h3 $2
{N} (19. Bc5 {T}) (19. Nc5 {T}) 19... Nh7 20. Bc5 Be8 21. Red1 Rxd1+ 22. Rxd1
Ng5 23. Bxe7 Qxe7 24. Nc5 Ne6 {N} (24... Rb5 $1 {T/N} 25. Rc1 (25. Nxa6 Ne6 (
25... Ra5)) 25... Ne6 26. Nxe6 Qxe6 {N} 27. Bf1 Rb4 28. Bc4 Qxh3 {T}) 25. Nxe6
Qxe6 26. b3 Qe7 27. Qc3 $1 {P a5 N} Rb4 (27... Rd8 28. Rxd8 Qxd8 29. Qxe5 {N})
(27... Qc7 28. Bf1 a5 29. Rd5 {T/N}) 28. h4 (28. a3 Rd4 $1 {T}) (28. Qd3 a5 29.
Qd2 (29. a3 Rb5) 29... a4 {T}) 28... f6 (28... h5 {T}) (28... a5 {P 29... a4}
29. a3 Rb8 30. Qxa5 Rxb3 31. Rd8 Kf8 $14 {N}) 29. Rd3 Kh7 (29... a5 30. a3 Rb5
31. Bf1 Qxa3 32. Rd8 Qe7 33. Ra8 $16 {N}) 30. Bh3 Bg6 31. Rd7 Qf8 32. Qxc6 Rxe4
(32... Bxe4 33. Qxa6 {N}) 33. Qxa6 Re1+ 34. Kh2 f5 (34... Be4 35. Bg2) (34...
e4 35. h5 $1 Bxh5 36. Qa5 $18 {T}) (34... h5 $142 35. Rd2 {/+- N}) 35. Rd6 (35.
Qa5 Re2 36. Rd2 {T}) 35... Bh5 (35... Qf7 36. Qa5 Re2 37. Rd2 {N}) 36. Qd3 e4
37. Qd5 Bg4 (37... Bf3 38. Bxf5+ (38. Qxf5+ Qxf5 39. Bxf5+ g6 40. Bxg6+ Kg7 41.
g4) 38... Kh8 39. g4 Rh1+ 40. Kg3 Rg1+ 41. Kf4 Rxg4+ 42. Ke3 $18 {P 43. d8 T/N}
) 38. Rd8 Qf6 39. Qg8+ $2 {T/N} (39. h5 $1 Bxh5 40. Bxf5+ $18 {T/N}) 39... Kg6
40. Qe8+ Kh7 41. Bxg4 (41. h5 Bxh5 $1 {T}) 41... fxg4 42. Qg8+ Kg6 43. Rf8 Qe7
(43... Qe7 44. Re8 Qd7 45. Re6+ Kf5 46. Ra6 $18 {T}) 1-0